 Dungeon Crawl Stone Soup version 0.20-a0-77-g476458c (webtiles) character file.

51 KristoblXynda the Charmwright (level 3, 0/29 HPs)
             Began as a Draconian Skald on Nov 19, 2016.
             Slain by an adder (3 damage)
             ... on level 2 of the Dungeon.
             The game lasted 00:01:26 (992 turns).

KristoblXynda the Charmwright (Draconian Skald)      Turns: 992, Time: 00:01:26

Health: 0/29       AC:  5    Str: 19    XL:     3   Next: 58%
Magic:  6/6        EV: 12    Int: 13    God:
Gold:   19         SH:  0    Dex: 10    Spells: 1 memorised, 5 levels left

rFire  . . .     SeeInvis .     a - +0 hand axe
rCold  . . .     Gourm    .     (armour unavailable)
rNeg   . . .     Faith    .     (no shield)
rPois  .         Spirit   .     (helmet restricted)
rElec  .         Reflect  .     (no cloak)
rCorr  +         Harm     .     (no gloves)
MR     .....                    (no boots)
Stlth  +.........               (no amulet)
                                (no ring)
                                i - ring of resist corrosion

@: mighty
A: unfitting armour, cold-blooded, AC +5
a: no special abilities


You were on level 2 of the Dungeon.
You were not hungry.

You visited 1 branch of the dungeon, and saw 2 of its levels.

You collected 19 gold pieces.

Inventory:

Hand Weapons
 a - a +0 hand axe (weapon)
Jewellery
 i - a ring of resist corrosion (left hand)
Scrolls
 d - 2 scrolls of blinking {unknown}
 e - a scroll of fear {unknown}
 f - a scroll of noise {unknown}
 g - a scroll of teleportation {unknown}
 h - a scroll of enchant armour {unknown}
Books
 b - a book of Battle

   Spells                             Type                      Level
   a - Infusion                       Charms                       1
   b - Shroud of Golubria             Charms/Translocation         2
   c - Song of Slaying                Charms                       2
   d - Spectral Weapon                Hexes/Charms                 3
   e - Regeneration                   Charms/Necromancy            3
Comestibles
 c - a bread ration


   Skills:
 - Level 2.1 Fighting
 + Level 2.9 Axes
 + Level 2.3 Dodging
 - Level 2.0 Spellcasting
 + Level 3.1 Charms


You had 5 spell levels left.
You knew the following spells:

 Your Spells              Type           Power        Failure   Level  Hunger
a - Infusion              Chrm           #...         10%         1    ##.....


Dungeon Overview and Level Annotations

Branches:
Dungeon (2/15)

Altars:

Annotations:
D:2 Robin


Innate Abilities, Weirdness & Mutations

Your plain brown scales are hard. (AC +5)
You cannot fit into any form of body armour.
You are cold-blooded and may be slowed by cold attacks.


Message History

You slash the goblin!
You kill the goblin!
The hobgoblin no longer looks unusually strong.
Robin laughs in a distinctly smug fashion.
Robin throws the goblin at you! The goblin closely misses you.
The goblin barely misses you.
Robin roars a battlecry!
The hobgoblin goes into a battle-frenzy!
The goblin hits you with a club. The goblin hits you.
* * * LOW HITPOINT WARNING * * *
You hit the goblin.
You kill the goblin!
You barely miss the goblin. The goblin hits you but does no damage.
The adder bites you.
* * * LOW HITPOINT WARNING * * *
Unknown command.
You hit the goblin.
You kill the goblin!
You barely miss the adder. The adder bites you.
You die...

#..# #..# #..# #..# .
#..# ... #..#
...gg####..#
...gggS@†..#
###################>#
........# #.#
#######.# #.#
......#.# #.#
#####.#.# #.#
#...#.#.# #.#
#.#.#.#.# #.#
#.#.#.#.# #.#


You could see Robin, an adder, 3 hobgoblins and a goblin.

Vanquished Creatures
  An adder (D:2)
  3 dart slugs (D:1)
  2 leopard geckos (D:1)
  8 goblins
  6 hobgoblins
  A quokka (D:1)
  3 bats (D:1)
  A frilled lizard (D:1)
  2 kobolds
  6 rats
33 creatures vanquished.

Notes
Turn   | Place    | Note
-------+----------+-------------------------------------------
     0 | D:1      | KristoblXynda the Draconian Skald began the quest for the Orb.
     0 | D:1      | Reached XP level 1. HP: 17/17 MP: 3/3
   232 | D:1      | Reached XP level 2. HP: 15/24 MP: 5/5
   578 | D:1      | Reached XP level 3. HP: 29/29 MP: 6/6
   941 | D:2      | Reached skill level 3 in Charms
   975 | D:2      | Noticed Robin
   992 | D:2      | Slain by an adder

Vault maps used:
D:1:      minmay_arrival_split_and_join
D:2:      lemuel_crystal_altar, lemuel_crystal_altar, hex_large,
          serial_bayou_crossing, uniq_robin

Skill      XL: |  1  2  3 |
---------------+----------+-----
Dodging        | 2 |  2.3
Charms         | 3 |  3.1
Fighting       | |  2.1
Axes           | |  2.9
Spellcasting   | |  2.0

Action                   || total
-------------------------++-------
Melee: Hand axe          ||   120
       Tailslap          ||    10
  Use: Potion            ||     3
Armor: Skin              ||    40
Dodge: Dodged            ||    95
